 Dungeon Crawl Stone Soup version 0.23.2-1-ga50397a6bc (webtiles) character file.

Game seed: 15901541580343979373

8386 Dommiel19 the Schismatic (level 11, -3/89 HPs)
             Began as a Demonspawn Abyssal Knight on May 23, 2019.
             Was an Elder of Lugonu.
             Slain by a 17-headed hydra (4 damage)
             ... on level 1 of the Lair of Beasts.
             The game lasted 00:18:30 (11614 turns).

Dommiel19 the Schismatic (DsAK)                    Turns: 11614, Time: 00:18:31

Health: -3/89      AC: 26    Str: 15    XL:     11   Next: 9%
Magic:  19/19      EV:  7    Int: 13    God:    Lugonu [****..]
Gold:   338        SH:  0    Dex: 14    Spells: 10/10 levels left

rFire    . . .     SeeInvis .   a - +4 great sword (freeze)
rCold    . . .     Gourm    .   (shield currently unavailable)
rNeg     + + .     Faith    .   b - +0 chain mail
rPois    .         Spirit   .   s - +2 helmet
rElec    .         Reflect  .   (no cloak)
rCorr    +         Harm     .   i - +1 pair of gloves (curse)
MR       .....                  k - +2 pair of boots "Joipoos" {rN++ MR- rCorr Stlth+}
Stlth    +.........             (no amulet)
HPRegen  0.24/turn              (no ring)
MPRegen  0.16/turn              (no ring)

@: sanguine armour
A: talons 2, nightstalker 2, sanguine armour 2
a: Depart the Abyss, Bend Space, Banish, Corrupt, Renounce Religion


You were on level 1 of the Lair of Beasts.
You worshipped Lugonu.
Lugonu was greatly pleased with you.
You were hungry.

You visited 2 branches of the dungeon, and saw 9 of its levels.
You visited the Abyss 1 time.

You collected 338 gold pieces.

Inventory:

Hand Weapons
 a - a +4 great sword of freezing (weapon)
Armour
 b - a +0 chain mail (worn)
 i - a cursed +1 pair of gloves (worn)
 k - the +2 pair of boots "Joipoos" (worn) {rN++ MR- rCorr Stlth+}
   (You found it on level 5 of the Dungeon)

   It greatly protects you from negative energy.
   It affects your resistance to hostile enchantments.
   It provides partial protection from all sources of acid and corrosion.
   It makes you more stealthy.
 s - a +2 helmet (worn)
Wands
 q - a wand of disintegration (11)
 v - a wand of paralysis (1)
Scrolls
 d - 4 scrolls of amnesia
 f - a scroll of fog
 g - 9 scrolls of identify
 h - a scroll of fear {unknown}
 l - a scroll of enchant weapon
 m - 2 scrolls of remove curse
 r - a scroll of blinking
Potions
 e - 5 potions of curing
 j - 3 potions of flight
 n - a potion of agility
 o - a potion of cancellation
 p - a potion of magic
 t - a potion of brilliance
Comestibles
 c - 9 rations


   Skills:
 - Level 9.0 Fighting
 * Level 11.0 Long Blades
 + Level 3.9 Armour
 - Level 0.8 Dodging
 - Level 11.1 Invocations


You had 10 spell levels left.
You didn't know any spells.
Your spell library contained the following spells:

 Spells                   Type           Power        Failure   Level  Hunger
 Animate Skeleton         Necr           N/A          99%         1    ##.....
 Apportation              Tloc           #.....       99%         1    ##.....
 Confusing Touch          Hex            #.....       99%         1    ##.....
 Freeze                   Ice            #...         99%         1    ##.....
 Summon Small Mammal      Summ           #...         99%         1    ##.....
 Throw Frost              Conj/Ice       #.....       100%        2    ###....
 Ozocubu's Armour         Chrm/Ice       #.......     100%        3    ####...
 Summon Ice Beast         Ice/Summ       #.......     100%        4    #####..
 Throw Icicle             Conj/Ice       #.......     100%        4    #####..


Dungeon Overview and Level Annotations

Branches:
Dungeon (8/15)             Temple (0/1) D:4            Lair (1/6) D:8

Altars:
Ashenzari
Dithmenos
Elyvilon
Gozag
Kikubaaqudgha
Makhleb
Okawaru
Vehumet
Xom

Shops:
D:5 (:   D:7 (


Innate Abilities, Weirdness & Mutations

You have razor-sharp toenails.
You are significantly more attuned to the shadows.
When seriously injured, your bleeding wounds create thick armour. (AC +9)


Message History

The 16-headed hydra bites you but does no damage. x3
The 16-headed hydra bites you.
* * * LOW HITPOINT WARNING * * *
The 16-headed hydra bites you.
* * * LOW HITPOINT WARNING * * *
The 16-headed hydra bites you but does no damage. x3
You lop one of the 16-headed hydra's heads off!
The 15-headed hydra grows two more!
You slash the 17-headed hydra!
The 17-headed hydra seems to slow down.
You freeze the 17-headed hydra.
The 17-headed hydra is almost dead.
The 17-headed hydra bites you but does no damage. x3
The 17-headed hydra barely misses you. x2
The 17-headed hydra bites you but does no damage. x3
The 17-headed hydra completely misses you.
The 17-headed hydra bites you but does no damage. x2
The 17-headed hydra bites you.
* * * LOW HITPOINT WARNING * * *
The 17-headed hydra bites you but does no damage.
The 17-headed hydra bites you.
You die...

## ####......P.#
#...... #......###
#...... #......##
##.#... #.......##
♣.♣♣♣. #........#
♣♣♣♣.♣♣♣ ###......#♣
♣.♣♣♣.♣♣ #.P......#
♣P♣.♣.♣
#.###P.......# P
♣.♣.♣♣
#......D@...♣♣
♣P♣.♣.♣♣
...###......♣♣
♣♣.♣.♣♣P. ..
#.......♣ .♣..P♣♣♣..
##......♣♣♣.......P.
##.....≈≈≈≈≈≈≈♣.P≈≈≈
#......≈≈≈≈≈≈≈≈≈≈≈≈≈
#......≈≈≈≈≈≈≈≈≈≈≈≈≈
##.....♣♣♣≈≈≈≈≈≈≈≈≈≈
#......♣ ♣♣P♣.♣.♣.♣♣


You could see a 17-headed hydra.

Vanquished Creatures
  A two-headed ogre (D:8)
  A rime drake (Lair:1)
  A komodo dragon (Lair:1)
  10 blink frogs (Lair:1)
  4 hippogriffs (Lair:1)
  Eustachio (D:4)
  A yak (Lair:1)
  2 hungry ghosts
  3 water moccasins (Lair:1)
  3 orc warriors
  2 porcupines (Lair:1)
  2 phantoms (D:6)
  9 ice beasts
  A sky beast (D:6)
  4 centaurs
  An ogre (D:8)
  2 crocodiles (Lair:1)
  5 bullfrogs
  A howler monkey (D:7)
  8 wights
  An electric eel (Lair:1)
  2 crimson imps
  A centaur zombie (D:5)
  6 hounds
  3 orc priests
  6 orc wizards
  A bullfrog skeleton (D:5)
  A centaur skeleton (D:5)
  4 iguanas
  4 worker ants
  A hound skeleton (D:7)
  A worker ant zombie (D:7)
  A gnoll (D:4)
  6 adders
  A shadow imp (D:5)
  An ooze (D:2)
  An adder zombie (D:7)
  An adder skeleton (D:5)
  A worm (D:5)
  4 dart slugs
  8 leopard geckos
  29 orcs
  9 giant cockroaches
  10 goblins
  9 hobgoblins
  4 jackals (D:8)
  A quokka (D:8)
  2 ball pythons
  A ball python skeleton (D:5)
  6 bats
  A frilled lizard (D:1)
  A jackal zombie (D:8)
  6 kobolds
  A quokka skeleton (D:5)
  6 rats
203 creatures vanquished.

Vanquished Creatures (others)
  A frilled lizard (D:4)
  A fungus (Lair:1)
2 creatures vanquished.

Grand Total: 205 creatures vanquished

Notes
Turn   | Place    | Note
-------+----------+-------------------------------------------
     0 | Abyss:1  | Dommiel19 the Demonspawn Abyssal Knight began the quest for
                  | the Orb.
     0 | Abyss:1  | Reached XP level 1. HP: 18/18 MP: 2/2
   102 | Abyss:1  | Noticed a tentacled starspawn
   103 | D:1      | Escaped the Abyss
   337 | D:1      | Gained mutation: When seriously injured, your bleeding
                  | wounds create armour. (AC +9) [demonic ancestry]
   337 | D:1      | Reached XP level 2. HP: 20/24 MP: 4/4
   650 | D:1      | Reached * piety under Lugonu
  1087 | D:1      | Gained mutation: You have sharp toenails. [demonic
                  | ancestry]
  1087 | D:1      | Reached XP level 3. HP: 29/29 MP: 5/5
  1527 | D:2      | Found a faded altar of an unknown god.
  1843 | D:2      | Reached XP level 4. HP: 37/37 MP: 7/7
  2198 | D:2      | Reached ** piety under Lugonu
  3067 | D:3      | Reached XP level 5. HP: 43/43 MP: 8/8
  3073 | D:3      | Reached skill level 5 in Invocations
  3320 | D:4      | Found a radiant altar of Vehumet.
  3340 | D:4      | Noticed Eustachio
  3362 | D:4      | Killed Eustachio
  3362 | D:4      | Reached skill level 5 in Fighting
  3362 | D:4      | Reached XP level 6. HP: 18/51 MP: 10/10
  3974 | D:4      | Found a staircase to the Ecumenical Temple.
  3993 | D:5      | Entered Level 5 of the Dungeon
  4017 | D:5      | Got a pair of pitted boots
  4023 | D:5      | Identified the +2 pair of boots "Joipoos" {rN++ MR- rCorr
                  | Stlth+} (You found it on level 5 of the Dungeon)
  4077 | D:5      | Reached XP level 7. HP: 25/57 MP: 12/12
  4517 | D:5      | Found Liyt's Book Boutique.
  4691 | D:5      | Reached *** piety under Lugonu
  4767 | D:5      | Found Demott's Weapon Boutique.
  5523 | D:6      | Gained mutation: When seriously injured, your bleeding
                  | wounds create thick armour. (AC +9) [demonic ancestry]
  5523 | D:6      | Reached XP level 8. HP: 47/67 MP: 14/14
  6151 | D:6      | Found an iron altar of Okawaru.
  6198 | D:6      | Found an opulent altar of Gozag.
  6875 | D:7      | Paralysed by fainting for 10 turns
  6924 | D:7      | Reached skill level 10 in Invocations
  7478 | D:7      | Gained mutation: You are slightly more attuned to the
                  | shadows. [demonic ancestry]
  7478 | D:7      | Reached XP level 9. HP: 53/75 MP: 17/17
  7654 | D:7      | Found Cekawk's Antique Weapon Shoppe.
  8287 | D:8      | Reached **** piety under Lugonu
  8348 | D:8      | Found a staircase to the Lair.
  8395 | D:8      | Noticed a two-headed ogre
  8402 | D:8      | Killed a two-headed ogre
  8974 | D:8      | Found a shadowy altar of Dithmenos.
  8975 | D:8      | Found a burning altar of Makhleb.
  8976 | D:8      | Found a shattered altar of Ashenzari.
  8983 | D:8      | Found a shimmering altar of Xom.
  8986 | D:8      | Found a white marble altar of Elyvilon.
  8988 | D:8      | Found an ancient bone altar of Kikubaaqudgha.
  9485 | Lair:1   | Entered Level 1 of the Lair of Beasts
  9668 | Lair:1   | Gained mutation: You have razor-sharp toenails. [demonic
                  | ancestry]
  9668 | Lair:1   | Reached XP level 10. HP: 31/83 MP: 18/18
 10028 | Lair:1   | Found a frozen archway.
 10663 | Lair:1   | Reached skill level 10 in Long Blades
 10964 | Lair:1   | Gained mutation: You are significantly more attuned to the
                  | shadows. [demonic ancestry]
 10964 | Lair:1   | Reached XP level 11. HP: 43/89 MP: 19/19
 11593 | Lair:1   | Noticed a seven-headed hydra
 11613 | Lair:1   | HP: 4/89 [16-headed hydra (1)]
 11614 | Lair:1   | HP: 1/89 [17-headed hydra (3)]
 11614 | Lair:1   | Slain by a 17-headed hydra

Skill      XL: |  1  2  3  4  5  6  7  8  9 10 11 |
---------------+----------------------------------+-----
Long Blades    | 2 7 10 11 | 11.0
Invocations    | 3 4 6 7 8 10 11 | 11.1
Fighting       | 4 5 7 8 9 |  9.0
Armour         | 3 |  3.9
Dodging        | |  0.8

Action                   |  1- 3 |  4- 6 |  7- 9 | 10-12 || total
-------------------------+-------+-------+-------+-------++-------
Melee: Falchion          |    20 |       |       |       ||    20
       Short sword       |    86 |   182 |   557 |       ||   825
       Kick              |    10 |    31 |       |       ||    41
       Great sword       |       |       |    80 |   139 ||   219
Invok: Depart the Abyss  |     1 |       |       |       ||     1
Evoke: Wand              |       |       |     7 |     9 ||    16
  Use: Potion            |       |     9 |     5 |     2 ||    16
       Scroll            |       |     6 |     5 |       ||    11
 Stab: Sleeping          |       |     1 |       |       ||     1
  Eat: Chunk             |     2 |     8 |    15 |     7 ||    32
       Ration            |       |       |     6 |       ||     6
Armor: Leather armour    |    36 |    21 |       |       ||    57
       Scale mail        |       |   130 |    17 |       ||   147
       Chain mail        |       |       |   476 |   201 ||   677
Dodge: Dodged            |    67 |   135 |   206 |    93 ||   501
       Rpst.: Falchion   |     6 |       |       |       ||     6
       Great sword       |       |       |     8 |    19 ||    27
